 Dungeon Crawl Stone Soup version 0.20.0-15-g7f486f2 (webtiles) character file.

1395 Galewin the Cleaver (level 8, 0/59 HPs)
             Began as a Barachi Berserker on June 12, 2017.
             Was a Priest of Trog.
             Slain by Grinder (5 damage)
             ... on level 6 of the Dungeon.
             The game lasted 00:18:25 (5397 turns).

Galewin the Cleaver (Barachi Berserker)             Turns: 5397, Time: 00:18:25

Health: 0/59       AC:  8    Str: 20    XL:     8   Next: 68%
Magic:  8/8        EV:  8    Int:  7    God:    Trog [***...]
Gold:   235        SH:  0    Dex: 13    Spells: 7/7 levels left

rFire    . . .     SeeInvis .   a - +0 hand axe
rCold    . . .     Gourm    .   (no shield)
rNeg     . . .     Faith    .   l - +0 chain mail
rPois    .         Spirit   .   (no helmet)
rElec    .         Reflect  .   (no cloak)
rCorr    .         Harm     .   (no gloves)
MR       ++...                  (no boots)
Stlth    ..........             (no amulet)
Regen    1.2/turn               (no ring)
MPRegen  0.2/turn               (no ring)

@: can't hop, regenerating, slow
A: +LOS, swims, slowness 1, strong legs 1
a: Hop, Berserk, Trog's Hand, Burn Spellbooks, Renounce Religion


You were on level 6 of the Dungeon.
You worshipped Trog.
Trog was most pleased with you.
You were hungry.

You visited 1 branch of the dungeon, and saw 6 of its levels.

You collected 235 gold pieces.

Inventory:

Hand Weapons
 a - a +0 hand axe (weapon)
Armour
 l - a +0 chain mail (worn)
Jewellery
 u - an uncursed ring of fire
Scrolls
 d - a scroll of identify
 f - a scroll of enchant armour {unknown}
 h - 2 scrolls of magic mapping
 i - 2 scrolls of amnesia
 k - 4 scrolls of remove curse {unknown}
 p - 2 scrolls of fear {unknown}
 q - a scroll of fog {unknown}
 v - 3 scrolls of teleportation {unknown}
 x - a scroll of random uselessness {unknown}
Potions
 b - a potion of resistance {unknown}
 e - 2 potions of flight {unknown}
 g - a potion of berserk rage {unknown}
 j - 2 potions of mutation {unknown}
 n - 3 potions of brilliance {unknown}
 o - a potion of heal wounds {unknown}
 t - 3 potions of lignification {unknown}
 w - a potion of curing {unknown}
Comestibles
 c - 4 bread rations
 m - 3 meat rations
 r - 2 chunks of flesh
 s - 2 royal jellies


   Skills:
 - Level 3.6 Fighting
 * Level 11.6 Axes
 - Level 2.4 Armour
 - Level 2.1 Dodging


You had 7 spell levels left.
You didn't know any spells.

Dungeon Overview and Level Annotations

Branches:
Dungeon (6/15)
 Temple: D:4-7

Altars:
Trog
Xom

Annotations:
D:6 Grinder


Innate Abilities, Weirdness & Mutations

Shadows flee at your approach. (+LOS)
You can swim through water.
You cover ground slowly.
You can hop short distances.


Message History

* * * LOW HITPOINT WARNING * * *
Hop to where?
Press: ? - help, Dir - move target cursor Boing!
Grinder hits you but does no damage.
You hit Grinder.
Grinder is lightly wounded.
Grinder hits you.
* * * LOW HITPOINT WARNING * * *
The orc priest looks braver for a moment.
As you read the scroll of identify, it crumbles to dust.
h - 2 scrolls of magic mapping You recover from your berserk rage.
Grinder says, "Wait up."
Grinder hits you.
* * * LOW HITPOINT WARNING * * *
The orc priest looks braver for a moment.
As you read the scroll labeled BYPUHYNAEJ, it crumbles to dust.
It is a scroll of amnesia.
You feel forgetful for a moment. Grinder hits you.
You die...

############
#.....(....#
#.########@#
#.########5#
###.#).)...#o#
#.....####.#o#
#.....#..# #o#
#..^..#..# #o.
#.....#..#
#..# #
###.#.#..#
#..# #
#.#.#..# ...#
#


You could see Grinder, an orc warrior, 2 orc priests and an orc.

Vanquished Creatures
  Duvessa (D:6)
  A necrophage (D:5)
  An orc warrior (D:6)
  An ogre (D:5)
  A centaur (D:6)
  A bullfrog (D:6)
  Dowan (D:6)
  A scorpion (D:4)
  4 crimson imps
  A centaur zombie (D:6)
  A hound (D:5)
  A jelly (D:5)
  2 centaur skeletons (D:4)
  2 orc wizards
  A bullfrog skeleton (D:4)
  Jessica (D:2)
  Terence (D:3)
  An iguana (D:4)
  4 worker ants
  A hound zombie (D:3)
  A howler monkey skeleton (D:5)
  7 adders
  2 oozes
  4 worms
  3 dart slugs
  3 leopard geckos
  9 orcs
  5 giant cockroaches
  10 goblins
  8 hobgoblins
  17 jackals
  6 quokkas
  7 ball pythons
  8 bats
  6 frilled lizards
  10 kobolds
  A quokka skeleton (D:4)
  9 rats
144 creatures vanquished.

Notes
Turn   | Place    | Note
-------+----------+-------------------------------------------
     0 | D:1      | Galewin the Barachi Berserker began the quest for the Orb.
     0 | D:1      | Reached XP level 1. HP: 18/18 MP: 1/1
   160 | D:1      | Reached skill level 4 in Axes
   160 | D:1      | Reached XP level 2. HP: 11/24 MP: 2/2
   456 | D:1      | Reached XP level 3. HP: 14/29 MP: 3/3
  1069 | D:2      | Reached skill level 5 in Axes
  1089 | D:2      | Reached ** piety under Trog
  1209 | D:2      | Reached XP level 4. HP: 31/36 MP: 4/4
  1374 | D:2      | Found a shimmering altar of Xom.
  1665 | D:2      | Noticed Jessica
  1672 | D:2      | Killed Jessica
  1672 | D:2      | Reached skill level 6 in Axes
  1932 | D:2      | Reached XP level 5. HP: 37/41 MP: 5/5
  2545 | D:3      | Noticed Terence
  2555 | D:3      | Killed Terence
  2555 | D:3      | Reached *** piety under Trog
  3007 | D:4      | Reached skill level 7 in Axes
  3007 | D:4      | Reached XP level 6. HP: 24/47 MP: 6/6
  3595 | D:4      | Reached skill level 8 in Axes
  3600 | D:4      | Reached XP level 7. HP: 40/52 MP: 7/7
  3928 | D:5      | Entered Level 5 of the Dungeon
  4080 | D:5      | Reached skill level 9 in Axes
  4702 | D:5      | Reached skill level 10 in Axes
  4702 | D:5      | Reached XP level 8. HP: 58/59 MP: 8/8
  4912 | D:6      | Found a bloodstained altar of Trog.
  5017 | D:6      | Reached skill level 11 in Axes
  5028 | D:6      | HP: 2/88 [orc warrior/trident (11)]
  5342 | D:6      | Noticed Duvessa
  5342 | D:6      | Noticed Dowan
  5353 | D:6      | Killed Duvessa
  5357 | D:6      | Killed Dowan
  5380 | D:6      | Noticed Grinder
  5397 | D:6      | Slain by Grinder

Skill      XL: |  1  2  3  4  5  6  7  8 |
---------------+-------------------------+-----
Axes           | 4 5 6 7 8 10 11 | 11.6
Fighting       | |  3.6
Armour         | |  2.4
Dodging        | |  2.1

Action                   |  1- 3 |  4- 6 |  7- 9 || total
-------------------------+-------+-------+-------++-------
Melee: Hand axe          |   109 |   230 |   276 ||   615
Invok: Berserk           |     1 |     7 |     5 ||    13
       Trog's Hand       |       |       |     1 ||     1
 Abil: Hop               |       |       |     1 ||     1
  Use: Scroll            |       |       |     4 ||     4
 Stab: Sleeping          |     2 |       |       ||     2
  Eat: Chunk             |     3 |    13 |    12 ||    28
       Royal jelly       |       |     1 |       ||     1
Armor: Animal skin       |    24 |    27 |       ||    51
       Chain mail        |       |    48 |   107 ||   155
Dodge: Dodged            |    81 |   118 |    75 ||   274
